 Dungeon Crawl Stone Soup version 0.23-a0-650-ga4d50d4 (webtiles) character file.

327 arkorax the Covered (level 6, -1/51 HPs)
             Began as a Gnoll Wanderer on Jan 4, 2019.
             Was an Initiate of Ashenzari.
             Slain by an orc wizard
             ... wielding a +0 dagger of electrocution
              (17 damage)
             ... on level 3 of the Dungeon.
             The game lasted 00:02:59 (1905 turns).

arkorax the Covered (Gnoll Wanderer)                Turns: 1905, Time: 00:02:59

Health: -1/51      AC:  9    Str: 14    XL:     6   Next: 50%
Magic:  8/9        EV: 11    Int: 14    God:    Ashenzari [......]
Gold:   71         SH:  0    Dex: 17    Spells: 9/9 levels left

rFire    . . .     SeeInvis .   i - +2 dagger (venom)
rCold    . . .     Gourm    .   (no shield)
rNeg     . . .     Faith    .   a - +2 scale mail
rPois    .         Spirit   .   (no helmet)
rElec    .         Reflect  .   (no cloak)
rCorr    .         Harm     .   (no gloves)
MR       .....                  (no boots)
Stlth    +.........             (no amulet)
HPRegen  0.17/turn              (no ring)
MPRegen  0.11/turn              (no ring)

@: no status effects
A: distributed training, fangs 1, strong nose
a: Curse Item, Renounce Religion


You were on level 3 of the Dungeon.
You worshipped Ashenzari.
Ashenzari was noncommittal.
You were hungry.

You visited 1 branch of the dungeon, and saw 3 of its levels.

You collected 71 gold pieces.

Inventory:

Hand Weapons
 b - a +0 mace
 i - a +2 dagger of venom (weapon)
Missiles
 k - 7 tomahawks (quivered)
Armour
 a - a +2 scale mail (worn)
Scrolls
 f - a scroll of teleportation {unknown}
 j - 2 scrolls of enchant armour {unknown}
 l - a scroll of remove curse
 m - 2 scrolls of noise {unknown}
 r - 2 scrolls of identify {unknown}
 s - a scroll of enchant weapon {unknown}
Potions
 e - a potion of ambrosia {unknown}
 g - a potion of heal wounds {unknown}
 h - 2 potions of berserk rage {unknown}
 n - 2 potions of brilliance {unknown}
 o - a potion of cancellation {unknown}
 p - a potion of degeneration {unknown}
Comestibles
 d - 4 rations
 q - 2 chunks of flesh


   Skills:
 + Level 5.0 Fighting
 + Level 2.0 Short Blades
 + Level 2.0 Long Blades
 + Level 2.0 Axes
 + Level 5.0 Maces & Flails
 + Level 2.0 Polearms
 + Level 2.0 Staves
 + Level 2.0 Slings
 + Level 2.0 Bows
 + Level 2.0 Crossbows
 + Level 3.2 Throwing
 + Level 5.0 Armour
 + Level 3.2 Dodging
 + Level 3.1 Stealth
 + Level 3.2 Shields
 + Level 2.0 Unarmed Combat
 + Level 2.0 Spellcasting
 + Level 1.5 Conjurations
 + Level 1.5 Hexes
 + Level 1.5 Charms
 + Level 1.5 Summonings
 + Level 1.5 Necromancy
 + Level 1.5 Translocations
 + Level 1.5 Transmutations
 + Level 1.5 Fire Magic
 + Level 1.5 Ice Magic
 + Level 1.5 Air Magic
 + Level 1.5 Earth Magic
 + Level 1.5 Poison Magic
 + Level 2.1 Invocations
 + Level 2.0 Evocations


You had 9 spell levels left.
You didn't know any spells.
Your spell library was empty.

Dungeon Overview and Level Annotations

Branches:
Dungeon (3/15)

Altars:
Ashenzari
Makhleb


Innate Abilities, Weirdness & Mutations

Your experience applies equally to all skills.
You have very sharp teeth.
Your uncanny sense of smell can sniff out nearby items.


Message History

You are too injured to fight recklessly!
You are too injured to fight recklessly!
You are too injured to fight recklessly!
You are too injured to fight recklessly!
You are too injured to fight recklessly!
You are too injured to fight recklessly!
You are too injured to fight recklessly!
You are too injured to fight recklessly!
You are too injured to fight recklessly!
You are too injured to fight recklessly!
You barely miss something. Something hits you but does no damage.
You are electrocuted!
* * * LOW HITPOINT WARNING * * *
You miss something.
You hear some strange, mumbled words.
You are confused.
You feel better. Something hits you but does no damage.
You miss something. Something hits you but does no damage.
You are electrocuted!
You die...

#.# #.######. ..# #.#
#. #.# #.# #. ###
#.##.# ## ... #.#.# #
# #.# ##..#...# # #.##
##.......# #
####.####.###.####...#
# .....o{@...#†## #.##
# ####$######.## ...
#.# ∆ #.# #.. .# ####
∆


You could see an orc.

Vanquished Creatures
  Sigmund (D:3)
  Jessica (D:2)
  An orc wizard (D:3)
  3 adders (D:2)
  4 worms
  6 dart slugs
  3 leopard geckos
  An orc (D:3)
  5 bats (D:1)
  3 giant cockroaches
  8 goblins
  A hobgoblin (D:1)
  10 jackals
  A ball python (D:2)
  4 frilled lizards
  7 kobolds
  7 rats
66 creatures vanquished.

Notes
Turn   | Place    | Note
-------+----------+-------------------------------------------
     0 | D:1      | arkorax the Gnoll Wanderer began the quest for the Orb.
     0 | D:1      | arkorax set off with the following items: a +2 scale mail,
                  | a +0 mace, a potion of curing, a ration
     0 | D:1      | Reached XP level 1. HP: 20/20 MP: 1/1
    18 | D:1      | Reached XP level 2. HP: 26/26 MP: 2/2
   193 | D:1      | Reached XP level 3. HP: 29/31 MP: 3/3
   409 | D:1      | Reached skill level 1 in Invocations
   699 | D:2      | Reached skill level 1 in Short Blades
   699 | D:2      | Reached skill level 1 in Long Blades
   699 | D:2      | Reached skill level 1 in Axes
   699 | D:2      | Reached skill level 1 in Polearms
   699 | D:2      | Reached skill level 1 in Staves
   699 | D:2      | Reached skill level 1 in Slings
   699 | D:2      | Reached skill level 1 in Bows
   699 | D:2      | Reached skill level 1 in Crossbows
   699 | D:2      | Reached skill level 1 in Unarmed Combat
   699 | D:2      | Reached skill level 1 in Spellcasting
   699 | D:2      | Reached skill level 1 in Evocations
   790 | D:2      | Reached XP level 4. HP: 30/38 MP: 5/5
   826 | D:2      | Found a shattered altar of Ashenzari.
   879 | D:2      | Became a worshipper of Ashenzari the Shackled
   946 | D:2      | Noticed Jessica
   953 | D:2      | Killed Jessica
   953 | D:2      | Reached skill level 1 in Conjurations
   953 | D:2      | Reached skill level 1 in Hexes
   953 | D:2      | Reached skill level 1 in Charms
   953 | D:2      | Reached skill level 1 in Summonings
   953 | D:2      | Reached skill level 1 in Necromancy
   953 | D:2      | Reached skill level 1 in Translocations
   953 | D:2      | Reached skill level 1 in Transmutations
   953 | D:2      | Reached skill level 1 in Fire Magic
   953 | D:2      | Reached skill level 1 in Ice Magic
   953 | D:2      | Reached skill level 1 in Air Magic
   953 | D:2      | Reached skill level 1 in Earth Magic
   953 | D:2      | Reached skill level 1 in Poison Magic
  1250 | D:2      | Reached XP level 5. HP: 43/43 MP: 6/6
  1484 | D:2      | Found a burning altar of Makhleb.
  1484 | D:2      | Noticed a balrug
  1548 | D:3      | Noticed Sigmund
  1760 | D:3      | Killed Sigmund
  1760 | D:3      | Reached XP level 6. HP: 36/50 MP: 8/8
  1897 | D:3      | Reached skill level 5 in Fighting
  1897 | D:3      | Reached skill level 5 in Maces & Flails
  1897 | D:3      | Reached skill level 5 in Armour
  1905 | D:3      | Slain by an orc wizard

Vault maps used:
D:1:      dpeg_arrival_arbitrary_c
D:2:      makhleb_altar_promises_db, nicolae_ashenzari_panopticon, uniq_jessica
D:3:      bloody_trog, first_ration, gammafunk_ghost_cemetery,
          kennysheep_flooded_box, uniq_terence, uniq_robin, uniq_sigmund

Skill      XL: |  1  2  3  4  5  6 |
---------------+-------------------+-----
Invocations    | 1 2 |  2.1
Short Blades   | 1 2 |  2.0
Long Blades    | 1 2 |  2.0
Axes           | 1 2 |  2.0
Polearms       | 1 2 |  2.0
Staves         | 1 2 |  2.0
Slings         | 1 2 |  2.0
Bows           | 1 2 |  2.0
Crossbows      | 1 2 |  2.0
Unarmed Combat | 1 2 |  2.0
Spellcasting   | 1 2 |  2.0
Evocations     | 1 2 |  2.0
Conjurations   | 1 |  1.5
Hexes          | 1 |  1.5
Charms         | 1 |  1.5
Summonings     | 1 |  1.5
Necromancy     | 1 |  1.5
Translocations | 1 |  1.5
Transmutations | 1 |  1.5
Fire Magic     | 1 |  1.5
Ice Magic      | 1 |  1.5
Air Magic      | 1 |  1.5
Earth Magic    | 1 |  1.5
Poison Magic   | 1 |  1.5
Throwing       | 3 |  3.2
Dodging        | 3 |  3.2
Stealth        | 3 |  3.1
Shields        | 3 |  3.2
Fighting       | 5 |  5.0
Maces & Flails | 5 |  5.0
Armour         | 5 |  5.0

Action                   |  1- 3 |  4- 6 || total
-------------------------+-------+-------++-------
Melee: Mace              |   107 |       ||   107
       Bite              |     7 |    23 ||    30
       Dagger            |     9 |   117 ||   126
       Punch             |       |     1 ||     1
  Use: Potion            |       |     1 ||     1
  Eat: Chunk             |       |     3 ||     3
Armor: Scale mail        |    79 |    52 ||   131
Dodge: Dodged            |    95 |    58 ||   153

Table legend:
 A = Non-vault XP
 B = Vault XP
 C = Vault XP percentage of total XP
 D = Non-vault monster count
 E = Vault monster count
 F = Vault count percentage of total count
                 A         B        C        D         E       F
            +---------+---------+-------+---------+---------+-------
      Total |     204 |     264 |  56.4 |      64 |       2 |   3.0
            +---------+---------+-------+---------+---------+-------
        D:1 |      62 |       0 |   0.0 |      32 |       0 |   0.0
        D:2 |      80 |      37 |  31.6 |      21 |       1 |   4.5
        D:3 |      62 |     227 |  78.5 |      11 |       1 |   8.3
            +---------+---------+-------+---------+---------+-------
